 Dungeon Crawl Stone Soup version 0.30-a0-137-gd8773701ce (webtiles) character file.

Game seed: 5558828925496864108

511 ragingrage the Protected (level 7, -4/51 HPs)
             Began as a Gnoll Wanderer on Sept 23, 2022.
             Was an Initiate of Cheibriados.
             Killed by divine providence
             ... invoked by an orc priest
              (16 damage)
             ... on level 5 of the Dungeon.
             The game lasted 00:05:05 (5764 turns).

ragingrage the Protected (Gnoll Wanderer)           Turns: 5764, Time: 00:05:06

Health: -4/51      AC: 19    Str: 13    XL:     7   Next: 19%
Magic:  12/12      EV: 10    Int: 13    God:    Cheibriados [......]
Gold:   258        SH:  0    Dex: 13    Spells: 12/13 levels left

rFire   . . .      SeeInvis .    a - +4 flail (protect)
rCold   . . .      Faith    .    (no shield)
rNeg    . . .      Spirit   .    c - +2 scale mail
rPois   +          Reflect  .    (helmet restricted)
rElec   .          Harm     .    (no cloak)
rCorr   .          Rampage  .    p - +0 pair of gloves
Will    .....                    (no boots)
Stlth   +.........               (no amulet)
HPRegen 0.17/turn                (no ring)
MPRegen 0.13/turn                (no ring)

@: under a protective aura, slow
A: fangs 1, strong nose, distributed training, antennae 1, poison resistance
a: Renounce Religion


You were on level 5 of the Dungeon.
You worshipped Cheibriados.
Cheibriados was noncommittal.
You visited 2 branches of the dungeon, and saw 6 of its levels.

You collected 258 gold pieces.

Inventory:

Hand Weapons
 a - a +4 flail of protection (weapon)
 b - a +0 arbalest
Missiles
 r - 3 poisoned darts
 u - 6 curare-tipped darts
 x - 11 boomerangs (quivered)
Armour
 c - a +2 scale mail (worn)
 e - a +0 crystal plate armour
 n - a +0 helmet
 p - a +0 pair of gloves (worn)
 t - a +0 kite shield
Wands
 k - a wand of flame (12)
Scrolls
 d - 4 scrolls of fear
 j - a scroll of blinking {unknown}
 m - 2 scrolls of amnesia {unknown}
 o - 2 scrolls of identify {unknown}
 q - 3 scrolls of teleportation {unknown}
 w - a scroll of immolation {unknown}
 y - a scroll of enchant weapon {unknown}
 B - a scroll of fog {unknown}
Potions
 f - 2 potions of degeneration
 g - a potion of attraction
 h - a potion of mutation
 i - a potion of curing
 l - a potion of might
 s - 2 potions of lignification {unknown}
 v - a potion of heal wounds {unknown}
 z - a potion of brilliance {unknown}
 A - 2 potions of experience {unknown}
 C - a potion of invisibility {unknown}


   Skills:
 + Level 2.4 Fighting
 + Level 2.4 Short Blades
 + Level 2.4 Long Blades
 + Level 2.4 Axes
 + Level 2.4 Maces & Flails
 + Level 2.4 Polearms
 + Level 2.4 Staves
 + Level 2.4 Ranged Weapons
 + Level 5.2 Throwing
 + Level 10.7 Armour
 + Level 2.4 Dodging
 + Level 2.4 Stealth
 + Level 2.4 Shields
 + Level 2.4 Unarmed Combat
 + Level 3.7 Spellcasting
 + Level 2.0 Conjurations
 + Level 2.0 Hexes
 + Level 2.0 Summonings
 + Level 2.0 Necromancy
 + Level 2.0 Translocations
 + Level 2.0 Transmutations
 + Level 4.3 Fire Magic
 + Level 2.0 Ice Magic
 + Level 2.0 Air Magic
 + Level 2.0 Earth Magic
 + Level 2.0 Poison Magic
 + Level 2.7 Invocations
 + Level 2.4 Evocations


You had 12 spell levels left.
You knew the following spells:

 Your Spells              Type           Power      Damage    Failure   Level
a - Foxfire               Conj/Fire      40%        2x1d6     21%         1

Your spell library contained the following spells:

 Spells                   Type           Power      Damage    Failure   Level
 Freeze                   Ice            28%        1d5       32%         1
 Shock                    Conj/Air       28%        1d4       32%         1
 Inner Flame              Hex/Fire       10%        N/A       52%         3
 Ignite Poison            Fire/Tmut/Pois 9%         N/A       56%         3
 Confusing Touch          Hex            7%         N/A       67%         3
 Frozen Ramparts          Ice            14%        1d3       67%         3
 Swiftness                Air            7%         N/A       67%         3
 Airstrike                Air            3%         2d(1-17)  97%         4
 Cause Fear               Hex            3%         N/A       97%         4
 Hailstorm                Conj/Ice       7%         3d4       97%         4
 Yara's Violent Unravell  Hex/Tmut       3%         3d4       100%        5
 Enfeeble                 Hex            3%         N/A       100%        7
 Discord                  Hex            3%         N/A       100%        8


Dungeon Overview and Level Annotations

Branches:
Dungeon (5/15)             Temple (1/1) D:4

Altars:
Cheibriados
Dithmenos
Elyvilon
Makhleb
Qazlal
Ru
Trog
Vehumet
Zin
The Shining One

Annotations:
D:2 Sigmund


Innate Abilities, Weirdness & Mutations

You have very sharp teeth.
Your uncanny sense of smell can sniff out nearby items.
Your experience applies equally to all skills.
You have a pair of small antennae on your head.
Your system is resistant to poisons. (rPois)


Message History

The iguana completely misses you.
You closely miss the iguana.
The iguana is moderately wounded.
The iguana barely misses you.
An orc priest comes into view. It is wielding a +0 hand axe.
The iguana closely misses you.
You hit the iguana but do no damage.
The iguana is moderately wounded.
The iguana barely misses you.
You hit the iguana. Your bite misses the iguana.
The iguana is heavily wounded.
The orc priest invokes the aid of Beogh against you.
Beogh smites you! The iguana bites you.
* * * LOW HITPOINT WARNING * * *
You hear a shout! x2
You barely miss the orc priest. Your bite misses the orc priest.
You hear a shout!
The iguana bites you.
* * * LOW HITPOINT WARNING * * *
The orc priest barely misses you.
The orc priest hits you but does no damage.
An orc comes into view. It is wielding a +0 trident.
The iguana barely misses you.
You feel better. The orc priest closely misses you.
The iguana barely misses you.
It was a potion of mutation.
You feel extremely strange. A pair of antennae grows on your head!
Your +0 helmet falls away!
You feel resistant to poisons. The orc barely misses you.
The orc priest hits you but does no damage.
The iguana bites you but does no damage.
You sock the iguana!
The iguana is almost dead.
An orc priest comes into view. It is wielding a +0 war axe.
The orc hits you from afar with a +0 trident.
* * * LOW HITPOINT WARNING * * *
The orc priest mumbles some strange prayers to Beogh against you.
Beogh smites you!
You die...

######## #......#
########### #......#
.......##<#####......#
.................>####
.#####.##.#######[...#
.# #....#######.##.#
.# #######.[....# #
.####### #.###@.#
........ ......lo.#
........ ........o#
........ .........o
........ .........##
........ ..........
........ ..........
........ ..........#
........


You could see an iguana, 2 orc priests and an orc.

Vanquished Creatures
  2 ogres
  A phantom (D:5)
  A howler monkey (D:4)
  An orc priest (D:3)
  2 iguanas
  4 gnolls (D:3)
  4 adders
  A worm (D:4)
  6 orcs
  5 endoplasms
  2 giant cockroaches
  6 goblins
  5 hobgoblins
  4 jackals
  6 quokkas
  6 ball pythons
  3 bats
  4 frilled lizards
  10 kobolds
  9 rats
82 creatures vanquished.

Vanquished Creatures (others)
  9 foxfires
  A fungus (D:1)
  21 plants (D:3)
31 creatures vanquished.

Grand Total: 113 creatures vanquished

Notes
Turn   | Place    | Note
-------+----------+-------------------------------------------
     0 | D:1      | Reached skill level 10 in Armour
     0 | D:1      | ragingrage the Gnoll Wanderer began the quest for the Orb.
     0 | D:1      | ragingrage set off with the following items: a +0 dagger, 8
                  | boomerangs, a +2 scale mail, a scroll of fear; and the
                  | following spell memorised: Foxfire; and the following
                  | spells available to memorise: Ignite Poison.
     0 | D:1      | Reached XP level 1. HP: 13/13 MP: 4/4
   193 | D:1      | You fall into a shaft and drop 1 floor!
   236 | D:2      | Reached XP level 2. HP: 19/19 MP: 5/5
   727 | D:1      | Reached XP level 3. HP: 25/25 MP: 7/7
  1027 | D:1      | Reached skill level 1 in Invocations
  1331 | D:1      | Found a faded altar of an unknown god.
  1625 | D:2      | Reached skill level 1 in Fighting
  1625 | D:2      | Reached skill level 1 in Short Blades
  1625 | D:2      | Reached skill level 1 in Long Blades
  1625 | D:2      | Reached skill level 1 in Axes
  1625 | D:2      | Reached skill level 1 in Maces & Flails
  1625 | D:2      | Reached skill level 1 in Polearms
  1625 | D:2      | Reached skill level 1 in Staves
  1625 | D:2      | Reached skill level 1 in Ranged Weapons
  1625 | D:2      | Reached skill level 1 in Dodging
  1625 | D:2      | Reached skill level 1 in Stealth
  1625 | D:2      | Reached skill level 1 in Shields
  1625 | D:2      | Reached skill level 1 in Unarmed Combat
  1625 | D:2      | Reached skill level 1 in Evocations
  1859 | D:2      | Reached XP level 4. HP: 32/32 MP: 3/8
  1949 | D:2      | Noticed Sigmund
  2802 | D:3      | Reached skill level 1 in Conjurations
  2802 | D:3      | Reached skill level 1 in Hexes
  2802 | D:3      | Reached skill level 1 in Summonings
  2802 | D:3      | Reached skill level 1 in Necromancy
  2802 | D:3      | Reached skill level 1 in Translocations
  2802 | D:3      | Reached skill level 1 in Transmutations
  2802 | D:3      | Reached skill level 1 in Ice Magic
  2802 | D:3      | Reached skill level 1 in Air Magic
  2802 | D:3      | Reached skill level 1 in Earth Magic
  2802 | D:3      | Reached skill level 1 in Poison Magic
  2978 | D:3      | Reached XP level 5. HP: 31/37 MP: 9/9
  4446 | D:4      | Found a staircase to the Ecumenical Temple.
  4488 | Temple   | Entered the Ecumenical Temple
  4520 | Temple   | Became a worshipper of Cheibriados the Contemplative
  4666 | D:4      | Noticed an ogre
  4673 | D:4      | Killed an ogre
  4674 | D:4      | Reached skill level 5 in Throwing
  4674 | D:4      | Reached XP level 6. HP: 44/44 MP: 9/11
  5271 | D:5      | Entered Level 5 of the Dungeon
  5570 | D:5      | Reached XP level 7. HP: 42/51 MP: 12/12
  5763 | D:5      | Gained mutation: You have a pair of small antennae on your
                  | head. [potion of mutation]
  5763 | D:5      | Gained mutation: Your system is resistant to poisons.
                  | (rPois) [potion of mutation]
  5764 | D:5      | Killed from afar by an orc priest

Illustrated notes

Levels and vault maps discovered:
D:1:      mrwooster_arrival_arrow, layout_loops_ring,
          shapermc_ecumenical_altar_acropolis
D:2:      layout_loops_ring, uniq_sigmund
D:3:      layout_basic, serial_bayou_lagoon_a, patterned_corridor
D:4:      layout_layer_cave, minmay_temple_entry_ruins, minmay_misc_feat_cross,
          kennysheep_generic_room_10
D:5:      layout_basic, uniq_grinder
Temple:   nicolae_temple_two_arcs

Skill      XL: |  1  2  3  4  5  6  7 |
---------------+----------------------+-----
Armour         | | 10.7
Invocations    | 1 2 |  2.7
Fighting       | 1 2 |  2.4
Short Blades   | 1 2 |  2.4
Long Blades    | 1 2 |  2.4
Axes           | 1 2 |  2.4
Maces & Flails | 1 2 |  2.4
Polearms       | 1 2 |  2.4
Staves         | 1 2 |  2.4
Ranged Weapons | 1 2 |  2.4
Dodging        | 1 2 |  2.4
Stealth        | 1 2 |  2.4
Shields        | 1 2 |  2.4
Unarmed Combat | 1 2 |  2.4
Evocations     | 1 2 |  2.4
Spellcasting   | 3 |  3.7
Conjurations   | 1 2 |  2.0
Hexes          | 1 2 |  2.0
Summonings     | 1 2 |  2.0
Necromancy     | 1 2 |  2.0
Translocations | 1 2 |  2.0
Transmutations | 1 2 |  2.0
Ice Magic      | 1 2 |  2.0
Air Magic      | 1 2 |  2.0
Earth Magic    | 1 2 |  2.0
Poison Magic   | 1 2 |  2.0
Fire Magic     | 4 |  4.3
Throwing       | 5 |  5.2

Action                   |  1- 3 |  4- 6 |  7- 9 || total
-------------------------+-------+-------+-------++-------
Melee: Dagger            |   150 |       |       ||   150
       Bite              |    19 |     5 |     4 ||    28
       Punch             |     2 |     3 |     1 ||     6
       Short sword       |    59 |    49 |       ||   108
       Flail             |       |    92 |    21 ||   113
 Fire: Arbalest          |       |     6 |     5 ||    11
Throw: Boomerang         |     7 |    11 |       ||    18
       Dart              |       |     3 |       ||     3
 Cast: Foxfire           |     4 |     1 |       ||     5
  Use: Potion            |     3 |       |     2 ||     5
Armor: Scale mail        |   109 |   101 |     8 ||   218
Dodge: Dodged            |   103 |    87 |    22 ||   212
Block: Kite shield       |       |    25 |       ||    25

Table legend: (Time is in decaauts)
 A = Elapsed time spent in this place.
 B = Non-inter-level travel time spent in this place.
 C = Inter-level travel time spent in this place.
 D = Time resting spent in this place.
 E = Time spent auto-exploring this place.
 F = Levels seen in this place.
 G = Mean time per level.
                   A        B        C        D        E       F      G
               +--------+--------+--------+--------+--------+-----+--------+
         Total |   6032 |   5678 |    354 |   1120 |   3510 |   6 | 1005.3 |
       Dungeon |   5984 |   5630 |    354 |   1120 |   3485 |   5 | 1196.8 |
        Temple |     47 |     47 |      0 |      0 |     25 |   1 |   47.0 |
               +--------+--------+--------+--------+--------+-----+--------+

Top non-repeatable levels by time:
     D:1: 1563 daAuts
     D:3: 1350 daAuts
     D:4: 1325 daAuts
     D:2: 1217 daAuts
     D:5: 526 daAuts
  Temple: 47 daAuts
